SNL (28 & UNDER)
WEST VIRGINIA POWER @ KEY WEST BARRACUDAS
07/26/2030
 
TOP OF THE 1ST
West Virginia Power batting - Pitching for Key West Barracudas : RHP Kade Coleman
Pitching: RHP Kade Coleman
Batting: RHB Matt Tucker 0-0: Ball
1-0: Ball
2-0: Swinging Strike
2-1: Foul Ball, location: 2F
2-2: Ball
3-2: Ground out 4-3 (Groundball, 4M)
Batting: LHB Ángel Figueiedo 0-0: Ball
1-0: Swinging Strike
1-1: Foul Ball, location: 2F
1-2: Foul Ball, location: 2F
1-2: Ball
2-2: Strikes out swinging
Batting: RHB Iván Romero 0-0: Called Strike
0-1: Ball
1-1: Called Strike
1-2: Strikes out swinging
Top of the 1st over - 0 runs, 0 hits, 0 errors, 0 left on base; West Virginia 0 - Key West 0
BOTTOM OF THE 1ST
Key West Barracudas batting - Pitching for West Virginia Power : RHP Steve Pérez
Pitching: RHP Steve Pérez
Batting: RHB Ramiro Javier 0-0: Ball
1-0: Ball
2-0: Foul Ball, location: 2F
2-1: Ball
3-1: Base on Balls
Batting: RHB Cris Lugo 0-0: Ball
Ramiro Javier is caught stealing 2nd base
1-0: Ball
2-0: Foul Ball, location: 2F
2-1: Ball
3-1: Called Strike
3-2: Base on Balls
Batting: RHB Rob DeWitt 0-0: Ball
Cris Lugo steals 2nd base
1-0: Foul Ball, location: 2F
1-1: Swinging Strike
1-2: Foul Ball, location: 2F
1-2: SINGLE (Groundball, 56D)
Cris Lugo to third
Batting: LHB Juan Lima 0-0: Fly out, F8 (Flyball, 8LS)
Batting: RHB Scotty Hicks 0-0: Ball
1-0: Fly out, F7 (Flyball, 78D)
Bottom of the 1st over - 0 runs, 1 hit, 0 errors, 2 left on base; West Virginia 0 - Key West 0
TOP OF THE 2ND
West Virginia Power batting - Pitching for Key West Barracudas : RHP Kade Coleman
Batting: RHB Joe Salas 0-0: Foul Ball, location: 2F
0-1: Ground out 6-3 (Groundball, 6)
Batting: SHB Patrizio Batistuta 0-0: Ball
1-0: Swinging Strike
1-1: Ball
2-1: Ball
3-1: Called Strike
3-2: Foul Ball, location: 2F
3-2: Strikes out swinging
Batting: RHB Millard Walker 0-0: Fly out, F9 (Flyball, 9)
Top of the 2nd over - 0 runs, 0 hits, 0 errors, 0 left on base; West Virginia 0 - Key West 0
BOTTOM OF THE 2ND
Key West Barracudas batting - Pitching for West Virginia Power : RHP Steve Pérez
Batting: LHB Howard White 0-0: DOUBLE (Line Drive, 9LD)
Batting: RHB Anastasio Zartuche 0-0: Ball
1-0: Swinging Strike
1-1: Fly out, F9 (Flyball, 89M)
Batting: LHB Mauro Díaz 0-0: Called Strike
0-1: Ball
1-1: Called Strike
1-2: SINGLE (Groundball, 4MD)
Howard White to third
Batting: SHB Eric Pimentel 0-0: Foul Ball, location: 2F
0-1: Ball
Passed Ball!
Howard White scores
Mauro Díaz to second
1-1: Called Strike
1-2: Ball
2-2: Strikes out swinging
Batting: RHB Ramiro Javier 0-0: Foul Ball, location: 2F
0-1: Ball
1-1: Foul Ball, location: 2F
1-2: Fly out, F2 (Popup, 3SF)
Bottom of the 2nd over - 1 run, 2 hits, 0 errors, 1 left on base; West Virginia 0 - Key West 1
TOP OF THE 3RD
West Virginia Power batting - Pitching for Key West Barracudas : RHP Kade Coleman
Batting: RHB Joaquín Vásquez 0-0: Ball
1-0: Called Strike
1-1: Called Strike
1-2: SINGLE (Groundball, 56S) (infield hit)
Batting: RHB Luis Montoya 0-0: Foul Ball, location: 2F
0-1: Ball
Joaquín Vásquez steals 2nd base
1-1: Foul Ball, location: 2F
1-2: Ball
2-2: Ball
3-2: Foul Ball, location: 2F
3-2: SINGLE (Groundball, 6) (infield hit)
Joaquín Vásquez to third
Batting: RHB Pedro Echevarría 0-0: Ball
1-0: Ball
2-0: Foul Ball, location: 2F
2-1: Fly out, F8 (Flyball, 8RM)
Runner from 3rd tags up, SCORES, no throw
Batting: RHB Matt Tucker 0-0: Called Strike
0-1: Foul Ball, location: 2F
0-2: Foul Ball, location: 2F
0-2: Ball
1-2: Ball
Passed Ball!
Luis Montoya to second
2-2: Ball
3-2: Ground out 5-3 (Groundball, 56S)
Luis Montoya to third
Batting: LHB Ángel Figueiedo 0-0: Called Strike
0-1: SINGLE (Groundball, 4MD)
Luis Montoya scores
Batting: RHB Iván Romero 0-0: Called Strike
0-1: SINGLE (Groundball, 56) (infield hit)
Ángel Figueiedo to second
Batting: RHB Joe Salas 0-0: Called Strike
0-1: Foul Ball, location: 2F
0-2: Ball
1-2: SINGLE (Line Drive, 56D)
Ángel Figueiedo to third
Iván Romero to second
Runner from 3rd tries for Home, SAFE, throw made at trailing runner, OUT at third!
Top of the 3rd over - 3 runs, 5 hits, 0 errors, 1 left on base; West Virginia 3 - Key West 1
BOTTOM OF THE 3RD
Key West Barracudas batting - Pitching for West Virginia Power : RHP Steve Pérez
Batting: RHB Cris Lugo 0-0: Ball
1-0: SINGLE (Line Drive, 4D)
Batting: RHB Rob DeWitt 0-0: Foul Ball, location: 2F
0-1: Called Strike
0-2: Ball
1-2: Foul Ball, location: 2F
1-2: Strikes out swinging
Batting: LHB Juan Lima 0-0: Ball
1-0: Ball
2-0: Foul Ball, location: 2F
2-1: Foul Ball, location: 2F
2-2: Ball
3-2: SINGLE (Line Drive, 9LS)
Cris Lugo to second
Cris Lugo to third
Batting: RHB Scotty Hicks 0-0: Ball
1-0: Called Strike
1-1: Grounds into double play, 5-4-3 (Groundball, 56)
Bottom of the 3rd over - 0 runs, 2 hits, 0 errors, 1 left on base; West Virginia 3 - Key West 1
TOP OF THE 4TH
West Virginia Power batting - Pitching for Key West Barracudas : RHP Kade Coleman
Batting: SHB Patrizio Batistuta 0-0: Called Strike
0-1: Ball
1-1: Ball
2-1: Called Strike
2-2: Strikes out looking
Batting: RHB Millard Walker 0-0: Called Strike
0-1: Ball
1-1: Foul Ball, location: 2F
1-2: Ball
2-2: Ball
3-2: Strikes out swinging
Batting: RHB Joaquín Vásquez 0-0: Ball
1-0: Ball
2-0: Ball
3-0: Called Strike
3-1: Base on Balls
Batting: RHB Luis Montoya 0-0: Ball
1-0: Foul Ball, location: 2F
1-1: Ball
2-1: Foul Ball, location: 2F
2-2: Ball
3-2: Ground out 5-3 (Groundball, 56S)
Top of the 4th over - 0 runs, 0 hits, 0 errors, 1 left on base; West Virginia 3 - Key West 1
BOTTOM OF THE 4TH
Key West Barracudas batting - Pitching for West Virginia Power : RHP Steve Pérez
Batting: LHB Howard White 0-0: Ball
1-0: Foul Ball, location: 2F
1-1: Foul Ball, location: 2F
1-2: Foul Ball, location: 2F
1-2: Ball
2-2: Foul Ball, location: 2F
2-2: Ball
3-2: Base on Balls
Batting: RHB Anastasio Zartuche 0-0: Called Strike
0-1: Fielders Choice at 2nd, 5-4 (Groundball, 56)
Batting: LHB Mauro Díaz 0-0: Ball
1-0: Foul Ball, location: 2F
1-1: Ground out 6-3 (Groundball, 6S)
Anastasio Zartuche to second
Batting: SHB Eric Pimentel 0-0: Called Strike
0-1: 2-RUN HOME RUN (Flyball, 9LD), Distance : 346 ft
Batting: RHB Ramiro Javier 0-0: Called Strike
0-1: Foul Ball, location: 2F
0-2: Strikes out swinging
Bottom of the 4th over - 2 runs, 1 hit, 0 errors, 0 left on base; West Virginia 3 - Key West 3
TOP OF THE 5TH
West Virginia Power batting - Pitching for Key West Barracudas : RHP Kade Coleman
Batting: RHB Pedro Echevarría 0-0: Ball
1-0: Ball
2-0: Foul Ball, location: 2F
2-1: Foul Ball, location: 2F
2-2: Strikes out swinging
Batting: RHB Matt Tucker 0-0: Ball
1-0: Ball
2-0: Called Strike
2-1: Foul Ball, location: 2F
2-2: Ball
3-2: Base on Balls
Pitching: RHP Armando Chávez
Batting: LHB Ángel Figueiedo 0-0: Ball
Matt Tucker steals 2nd base
1-0: Foul Ball, location: 2F
1-1: Swinging Strike
1-2: Ball
2-2: Fly out, F9 (Flyball, 9)
Batting: RHB Iván Romero 0-0: Called Strike
0-1: SINGLE (Flyball, 78S)
Matt Tucker to third
Runner from 3rd tries for Home, SAFE, no throw
Batting: RHB Joe Salas 0-0: Ball
1-0: DOUBLE (Line Drive, 7LD)
Iván Romero to third
Batting: SHB Patrizio Batistuta 0-0: Called Strike
0-1: Ball
1-1: Ball
2-1: Called Strike
2-2: Ball
3-2: Foul Ball, location: 2F
3-2: Foul Ball, location: 2F
3-2: Base on Balls
Batting: RHB Millard Walker 0-0: Ball
1-0: SINGLE (Flyball, 89M)
Iván Romero scores
Joe Salas to third
Patrizio Batistuta to second
Runner from 3rd tries for Home, SAFE, throw made home
Batting: RHB Joaquín Vásquez 0-0: Called Strike
0-1: Ball
1-1: Ground out 3-1 (Groundball, 34S)
Top of the 5th over - 3 runs, 3 hits, 0 errors, 2 left on base; West Virginia 6 - Key West 3
BOTTOM OF THE 5TH
Key West Barracudas batting - Pitching for West Virginia Power : RHP Steve Pérez
Batting: RHB Cris Lugo 0-0: Ball
1-0: Ball
2-0: Ball
3-0: Called Strike
3-1: Base on Balls
Batting: RHB Rob DeWitt 0-0: Called Strike
0-1: Ball
1-1: Fly out, F8 (Flyball, 8LXD)
Batting: LHB Juan Lima 0-0: Called Strike
0-1: Ball
1-1: Ball
2-1: Swinging Strike
2-2: Ball
3-2: Strikes out swinging
Batting: RHB Scotty Hicks 0-0: Ball
Cris Lugo is caught stealing 2nd base
Bottom of the 5th over - 0 runs, 0 hits, 0 errors, 0 left on base; West Virginia 6 - Key West 3
TOP OF THE 6TH
West Virginia Power batting - Pitching for Key West Barracudas : RHP Armando Chávez
Batting: RHB Luis Montoya 0-0: Ball
1-0: DOUBLE (Groundball, 5L)
Batting: RHB Pedro Echevarría 0-0: Foul Ball, location: 2F
0-1: Ball
1-1: Ball
2-1: Ball
3-1: Base on Balls
Batting: RHB Matt Tucker 0-0: Ball
1-0: Called Strike
1-1: Called Strike
1-2: Foul Ball, location: 2F
1-2: Ball
2-2: Foul Ball, location: 2F
2-2: Ball
Wild Pitch!
Luis Montoya to third
Pedro Echevarría to second
3-2: Foul Ball, location: 2F
3-2: Ground out 4-3 (Groundball, 34)
Batting: LHB Ángel Figueiedo 0-0: Ball
1-0: Swinging Strike
1-1: Ball
2-1: Fly out, F8 (Flyball, 8RD)
Runner from 3rd tags up, OUT at HOME
Top of the 6th over - 0 runs, 1 hit, 0 errors, 1 left on base; West Virginia 6 - Key West 3
BOTTOM OF THE 6TH
Key West Barracudas batting - Pitching for West Virginia Power : RHP Steve Pérez
Pitching: RHP James Waddell
Batting: RHB Scotty Hicks 0-0: Called Strike
0-1: Called Strike
0-2: Ball
1-2: Ball
2-2: SINGLE (Line Drive, 56)
Batting: LHB Howard White 0-0: Ball
1-0: Ball
2-0: Called Strike
2-1: Ball
3-1: Base on Balls
Scotty Hicks to second
Batting: RHB Anastasio Zartuche 0-0: Ball
1-0: Swinging Strike
1-1: Ball
2-1: SINGLE (Line Drive, 5D)
Scotty Hicks to third
Howard White to second
Batting: LHB Mauro Díaz 0-0: Ball
1-0: Ball
2-0: Ball
3-0: Base on Balls
Scotty Hicks scores
Howard White to third
Anastasio Zartuche to second
Batting: SHB Eric Pimentel 0-0: Ball
1-0: Ball
2-0: Ball
3-0: Foul Ball, location: 2F
3-1: Base on Balls
Howard White scores
Anastasio Zartuche to third
Mauro Díaz to second
Batting: RHB Ramiro Javier 0-0: Ball
1-0: Ball
2-0: Called Strike
2-1: Swinging Strike
2-2: Ball
3-2: Foul Ball, location: 2F
3-2: Grounds into fielders choice 6-2 (Groundball, 6M)
Mauro Díaz to third
Eric Pimentel to second
Batting: RHB Cris Lugo 0-0: Ball
1-0: Ball
2-0: Ball
3-0: Base on Balls
Mauro Díaz scores
Eric Pimentel to third
Ramiro Javier to second
Batting: RHB Rob DeWitt 0-0: Called Strike
0-1: Ball
1-1: Called Strike
1-2: Ball
Wild Pitch!
Eric Pimentel scores
Ramiro Javier to third
Cris Lugo to second
2-2: Ball
3-2: Base on Balls
Pitching: RHP Tomás Hurtado
Batting: LHB Juan Lima 0-0: Fly out, F7 (Flyball, 7S)
Batting: RHB Scotty Hicks 0-0: Ball
1-0: Fielders Choice at 2nd, 6-4 (Groundball, 6)
Bottom of the 6th over - 4 runs, 2 hits, 0 errors, 3 left on base; West Virginia 6 - Key West 7
TOP OF THE 7TH
West Virginia Power batting - Pitching for Key West Barracudas : RHP Armando Chávez
Batting: RHB Iván Romero 0-0: Called Strike
0-1: Ball
1-1: DOUBLE (Line Drive, 9LD)
Batting: RHB Joe Salas 0-0: Called Strike
0-1: Ball
1-1: Ball
2-1: Fly out, F7 (Flyball, 78XD)
Runner from 2nd tags up, SAFE at 3rd, no throw
Batting: SHB Patrizio Batistuta 0-0: Ball
1-0: Foul Ball, location: 2F
1-1: Ball
2-1: Foul Ball, location: 2F
2-2: Foul Ball, location: 2F
2-2: SINGLE (Groundball, 34)
Iván Romero scores
Batting: RHB Millard Walker 0-0: Foul Ball, location: 2F
0-1: Foul Ball, location: 2F
0-2: Ball
1-2: Strikes out swinging
Batting: RHB Joaquín Vásquez 0-0: Ball
1-0: Ball
2-0: Ball
3-0: Base on Balls
Patrizio Batistuta to second
Batting: RHB Luis Montoya 0-0: Ball
1-0: Fielders Choice at 2nd, 6-4 (Groundball, 6)
Top of the 7th over - 1 run, 2 hits, 0 errors, 2 left on base; West Virginia 7 - Key West 7
BOTTOM OF THE 7TH
Key West Barracudas batting - Pitching for West Virginia Power : RHP Tomás Hurtado
Batting: LHB Howard White 0-0: Ball
1-0: Foul Ball, location: 2F
1-1: Ball
2-1: Fly out, F9 (Flyball, 9LS)
Batting: RHB Anastasio Zartuche 0-0: Ground out 6-3 (Groundball, 6M)
Batting: LHB Mauro Díaz 0-0: Ball
1-0: Called Strike
1-1: Swinging Strike
1-2: Strikes out swinging
Bottom of the 7th over - 0 runs, 0 hits, 0 errors, 0 left on base; West Virginia 7 - Key West 7
TOP OF THE 8TH
West Virginia Power batting - Pitching for Key West Barracudas : RHP Armando Chávez
Pitching: RHP Culley Booth
Batting: RHB Pedro Echevarría 0-0: Ball
1-0: Foul Ball, location: 2F
1-1: Called Strike
1-2: Strikes out looking
Batting: RHB Matt Tucker 0-0: Ball
1-0: Ball
2-0: Ball
3-0: Called Strike
3-1: Called Strike
3-2: Base on Balls
Batting: LHB Ángel Figueiedo 0-0: Ball
Matt Tucker steals 2nd base
1-0: Ball
2-0: Called Strike
Matt Tucker steals 3rd base
2-1: Ball
3-1: Ground out 4-3 (Groundball, 4S)
Batting: RHB Iván Romero 0-0: Ball
1-0: Called Strike
1-1: Foul Ball, location: 2F
1-2: Foul Ball, location: 2F
1-2: Ball
2-2: Ball
3-2: Base on Balls
Batting: RHB Joe Salas 0-0: Ball
1-0: Ball
2-0: Called Strike
2-1: Ball
3-1: Called Strike
3-2: Foul Ball, location: 2F
3-2: Base on Balls
Iván Romero to second
Batting: SHB Patrizio Batistuta 0-0: Called Strike
0-1: Foul Ball, location: 2F
0-2: Foul Ball, location: 2F
0-2: Strikes out looking
Top of the 8th over - 0 runs, 0 hits, 0 errors, 3 left on base; West Virginia 7 - Key West 7
BOTTOM OF THE 8TH
Key West Barracudas batting - Pitching for West Virginia Power : RHP Tomás Hurtado
Batting: SHB Eric Pimentel 0-0: Ball
1-0: SINGLE (Groundball, 6MD)
Batting: RHB Ramiro Javier 0-0: Foul Ball, location: 2F
0-1: Ball
1-1: Sac Bunt - play at first, batter OUT! 1-4
Eric Pimentel to second
Batting: RHB Cris Lugo 0-0: Intentional Walk
Batting: RHB Rob DeWitt 0-0: Fly out, F5 (Popup, 15)
Batting: LHB Juan Lima 0-0: Called Strike
0-1: Ball
1-1: SINGLE (Groundball, 56D)
Eric Pimentel to third
Cris Lugo to second
Runner from 3rd tries for Home, SAFE, throw made home
Pitching: RHP António Zapata
Pinch Hitting: SHB Brock Owens 0-0: Ball
1-0: Called Strike
1-1: Foul Ball, location: 2F
1-2: Foul Ball, location: 2F
1-2: Ball
2-2: Strikes out looking
Bottom of the 8th over - 1 run, 2 hits, 0 errors, 2 left on base; West Virginia 7 - Key West 8
TOP OF THE 9TH
West Virginia Power batting - Pitching for Key West Barracudas : RHP Culley Booth
Now at 3B: Brock Owens
Batting: RHB Millard Walker 0-0: Reached on error, E9 (Line Drive, 9)
Pinch Runner at 1st José Maldonado:
Batting: RHB Joaquín Vásquez 0-0: Ball
1-0: Bunt missed!
1-1: Bunted foul
1-2: Foul Ball, location: 2F
1-2: Strikes out swinging
Batting: RHB Luis Montoya 0-0: Ball
1-0: Swinging Strike
1-1: Foul Ball, location: 2F
1-2: Ball
Wild Pitch!
José Maldonado to second
2-2: Foul Ball, location: 2F
2-2: Foul Ball, location: 2F
2-2: Ball
3-2: Foul Ball, location: 2F
3-2: Strikes out swinging
Batting: RHB Pedro Echevarría 0-0: Foul Ball, location: 2F
0-1: Foul Ball, location: 2F
0-2: Hit by Pitch
Batting: RHB Matt Tucker 0-0: Called Strike
0-1: Ball
1-1: Swinging Strike
1-2: Strikes out swinging
Top of the 9th over - 0 runs, 0 hits, 1 error, 2 left on base; West Virginia 7 - Key West 8
Saturday, April 7th, 2018 - OOTP Baseball 18.8 Build 76